 Dungeon Crawl Stone Soup version 0.29-a0-690-g32ab5fea29 (webtiles) character file.

Game seed: 4430749777176104211

3465 KristoblXynda the Carver (level 9, -3/81 HPs)
             Began as a White Draconian Gladiator on June 25, 2022.
             Slain by an eight-headed hydra (7 damage)
             ... on level 9 of the Dungeon.
             The game lasted 00:09:26 (6723 turns).

KristoblXynda the Carver (DrGl)                     Turns: 6723, Time: 00:09:27

Health: -3/81      AC:  9    Str: 20    XL:     9   Next: 78%
Magic:  9/9        EV: 17    Int: 10    God:
Gold:   376        SH:  0    Dex: 22    Spells: 3/8 levels left

rFire   . . .      SeeInvis .   a - +0 long sword (freeze)
rCold   + + .      Faith    .   (no shield)
rNeg    . . .      Spirit   .   (body armour unavailable)
rPois   .          Reflect  .   b - +0 hat
rElec   .          Harm     .   u - +0 cloak
rCorr   .          Rampage  .   (no gloves)
Will    +....                   z - +0 pair of boots
Stlth   ++........              x - amulet of regeneration
HPRegen 1.03/turn               p - +6 ring of dexterity
MPRegen 0.11/turn               k - ring "Zyuzaqur" {rC+ Will+ Str+4}

@: about to teleport
A: breathe frost, AC +7, unfitting armour, cold resistance 1, cold-blooded
a: Breathe Frost


You were on level 9 of the Dungeon.
You visited 1 branch of the dungeon, and saw 7 of its levels.

You collected 376 gold pieces.

Inventory:

Hand Weapons
 a - a +0 long sword of freezing (weapon)
Missiles
 c - 2 throwing nets (quivered)
 d - a javelin
Armour
 b - a +0 hat (worn)
 u - a +0 cloak (worn)
 z - a +0 pair of boots (worn)
Jewellery
 k - the ring "Zyuzaqur" (right hand) {rC+ Will+ Str+4}
   (You found it on level 5 of the Dungeon)

   [ring of willpower]

   Str:       It affects your strength (+4).
   rC:        It protects you from cold.
   Will:      It increases your willpower.
 p - a +6 ring of dexterity (left hand)
 x - an amulet of regeneration (around neck)
Wands
 o - a wand of mindburst (1)
 B - a wand of iceblast (6)
 C - a wand of digging (4)
Scrolls
 g - a scroll of teleportation
 h - a scroll of acquirement
 j - a scroll of magic mapping
 n - a scroll of silence {unknown}
 q - a scroll of noise {unknown}
 r - a scroll of amnesia
 v - 3 scrolls of enchant weapon
 y - a scroll of brand weapon
 A - a scroll of fog {unknown}
Potions
 e - a potion of curing
 f - a potion of haste
 i - a potion of attraction
 l - a potion of brilliance {unknown}
 m - 2 potions of degeneration {unknown}
 s - 2 potions of mutation
 w - a potion of flight


   Skills:
 + Level 8.0 Fighting
 * Level 10.4 Long Blades
 - Level 2.0 Throwing
 + Level 7.0 Dodging


You had 3 spell levels left.
You knew the following spells:

 Your Spells              Type           Power      Damage    Failure   Level
a - Lee's Rapid Deconstr  Erth           0%         3d5*      100%        5

Your spell library contained the following spells:

 Spells                   Type           Power      Damage    Failure   Level
 Leda's Liquefaction      Hex/Erth       0%         N/A       98%         4
 Dispersal                Tloc           0%         N/A       100%        6
 Statue Form              Tmut/Erth      0%         N/A       100%        6
 Disjunction              Tloc           0%         N/A       100%        8


Dungeon Overview and Level Annotations

Branches:
Dungeon (6/15)
 Temple: D:4-7

Altars:
Trog


Innate Abilities, Weirdness & Mutations

You can breathe waves of freezing cold which knock back foes.
Your icy white scales are hard. (AC +7)
You cannot fit into any form of body armour.
Your flesh is cold resistant. (rC+)
You are cold-blooded and may be slowed by cold attacks.


Message History

The eight-headed hydra closely misses you.
The eight-headed hydra misses you. The orc closely misses you.
The orc wizard casts a spell at you. The magic dart hits you.
The eight-headed hydra attacks as you move away!
The eight-headed hydra bites you. The eight-headed hydra misses you.
The eight-headed hydra bites you but does no damage.
The eight-headed hydra bites you.
The eight-headed hydra bites you but does no damage.
The eight-headed hydra closely misses you.
The eight-headed hydra bites you. The eight-headed hydra bites you!
This is a scroll of acquirement!
As you read the scroll of teleportation, it crumbles to dust.
You feel strangely unstable. The orc wizard barely misses you.
The eight-headed hydra bites you. The eight-headed hydra misses you.
The eight-headed hydra bites you.
The eight-headed hydra completely misses you.
The eight-headed hydra barely misses you.
The eight-headed hydra bites you but does no damage.
The eight-headed hydra misses you. The eight-headed hydra bites you!
The eight-headed hydra attacks as you move away!
The eight-headed hydra bites you. The eight-headed hydra bites you!
* * * LOW HITPOINT WARNING * * *
The eight-headed hydra closely misses you.
The eight-headed hydra bites you.
* * * LOW HITPOINT WARNING * * *
The eight-headed hydra misses you. The eight-headed hydra bites you.
* * * LOW HITPOINT WARNING * * *
The eight-headed hydra bites you.
* * * LOW HITPOINT WARNING * * *
The eight-headed hydra bites you.
* * * LOW HITPOINT WARNING * * *
The orc wizard mumbles some strange words.
The orc wizard flickers and vanishes!
Unknown command.
The eight-headed hydra attacks as you move away!
The eight-headed hydra misses you.
The eight-headed hydra barely misses you.
The eight-headed hydra bites you!
You die...

######### #
####.......# #
#....#.###.### #
#.##....<.#..# #
#.###.####.#.# #
#############.###.#
#.#.# #
#............@....#
#.#.# #
#..########.#D#####
#.#.# #
#..########.#o#
#.#.#####
#.........:.{.#
#........
#...######..o##
#########
#...######...#*******
#....Dg)).....,,,,,,*
#.#.###...<....,,**,*
#.#.#*#..#...###,**,*


You could see an eight-headed hydra, an orc warrior and an orc.

Vanquished Creatures
  Pikel (D:5)
  Sigmund (D:2)
  Eustachio (D:4)
  A black bear (D:6)
  3 orc warriors
  An ice beast (D:5)
  2 sky beasts (D:6)
  5 centaurs
  An ogre (D:6)
  Blork the orc (D:5)
  A bullfrog (D:9)
  A necrophage (D:5)
  5 scorpions
  3 howler monkeys
  2 jellies (D:5)
  2 hounds
  3 orc priests
  A gnoll shaman (D:5)
  3 iguanas
  13 orc wizards
  Robin (D:2)
  15 gnolls
  6 adders
  2 ufetubi (D:5)
  3 worms
  5 dart slugs
  17 orcs
  9 endoplasms
  3 giant cockroaches
  11 goblins
  16 hobgoblins
  7 quokkas
  6 ball pythons
  5 bats
  A frilled lizard (D:3)
  7 kobolds
  5 rats
170 creatures vanquished.

Vanquished Creatures (others)
  An orc (D:9)
1 creature vanquished.

Grand Total: 171 creatures vanquished

Notes
Turn   | Place    | Note
-------+----------+-------------------------------------------
     0 | D:1      | KristoblXynda the Draconian Gladiator began the quest for
                  | the Orb.
     0 | D:1      | Reached XP level 1. HP: 17/17 MP: 1/1
   270 | D:1      | Reached XP level 2. HP: 14/25 MP: 2/2
   566 | D:1      | Found a faded altar of an unknown god.
   989 | D:1      | Reached XP level 3. HP: 30/30 MP: 3/3
  1199 | D:2      | Identified the +5 helmet of Sif Muna, Forging {Will+ Dex-3
                  | Stlth+}
  1199 | D:2      | Noticed Robin
  1199 | D:2      | Noticed Sigmund
  1365 | D:2      | Killed Sigmund
  1366 | D:2      | Reached skill level 4 in Long Blades
  1366 | D:2      | Reached XP level 4. HP: 17/40 MP: 4/4
  1366 | D:2      | Reached XP level 5. HP: 19/46 MP: 5/5
  1687 | D:2      | Killed Robin
  2073 | D:2      | Found a bloodstained altar of Trog.
  2354 | D:2      | Reached skill level 5 in Long Blades
  2827 | D:3      | Reached XP level 6. HP: 41/52 MP: 6/6
  3531 | D:3      | Found the +3 woodcutter's axe {vorpal}
  4260 | D:4      | Noticed Eustachio
  4269 | D:4      | Killed Eustachio
  4270 | D:4      | Reached skill level 6 in Long Blades
  4270 | D:4      | Your scales start taking on an icy white colour.
  4270 | D:4      | Reached XP level 7. HP: 54/60 MP: 7/7
  4270 | D:4      | Gained mutation: Your flesh is cold resistant. (rC+) [White
                  | Draconian growth]
  4628 | D:5      | Entered Level 5 of the Dungeon
  4670 | D:5      | Noticed Blork the orc
  4681 | D:5      | Killed Blork the orc
  4810 | D:5      | Reached skill level 5 in Fighting
  5028 | D:5      | Reached skill level 7 in Long Blades
  5028 | D:5      | Reached skill level 5 in Dodging
  5050 | D:5      | Reached XP level 8. HP: 68/69 MP: 8/8
  5207 | D:5      | Reached skill level 8 in Long Blades
  5248 | D:5      | Noticed Pikel
  5274 | D:5      | Killed Pikel
  5275 | D:5      | Reached XP level 9. HP: 77/78 MP: 9/9
  5322 | D:5      | Reached skill level 9 in Long Blades
  5379 | D:5      | Identified the ring "Zyuzaqur" {rC+ Will+ Str+4}
  6091 | D:6      | Learned a level 5 spell: Lee's Rapid Deconstruction
  6280 | D:6      | You fall into a shaft and drop 3 floors!
  6294 | D:9      | Noticed a seven-headed hydra
  6303 | D:9      | HP: 2/79 [seven-headed hydra (7)]
  6429 | D:9      | Reached skill level 10 in Long Blades
  6720 | D:9      | Identified a scroll of acquirement
  6722 | D:9      | HP: 3/81 [eight-headed hydra (2)]
  6723 | D:9      | Slain by an eight-headed hydra

Illustrated notes

Levels and vault maps discovered:
D:1:      dpeg_arrival_rhombus, layout_basic,
          shapermc_ecumenical_altar_mp_highgroup, dreamdust_princess_corridor
D:2:      layout_loops_ring, basic_altar, uniq_sigmund, uniq_robin
D:3:      minmay_chambers_of_threes, layout_basic
D:4:      layout_loops_ring, uniq_eustachio
D:5:      layout_basic, minmay_joined_circles, uniq_blork_the_orc, uniq_pikel
D:6:      layout_basic, jmf_multi_god_temple,
          nicolae_gozag_cash_rules_everything_around_me,
          chequers_decorated_corner, minmay_misc_feat_ornament
D:9:      layout_loops_ring

Skill      XL: |  1  2  3  4  5  6  7  8  9 |
---------------+----------------------------+-----
Throwing       | 2 |  2.0
Dodging        | 3 4 5 6 7 |  7.0
Fighting       | 3 4 5 6 8 |  8.0
Long Blades    | 4 5 6 7 8 10 | 10.4

Action                   |  1- 3 |  4- 6 |  7- 9 || total
-------------------------+-------+-------+-------++-------
Melee: Long sword        |   100 |   160 |   290 ||   550
       Tailslap          |    13 |    24 |    39 ||    76
       Punch             |       |     2 |     8 ||    10
Throw: Throwing net      |     2 |       |       ||     2
 Abil: Breathe Frost     |       |       |     7 ||     7
Evoke: Wand              |       |     6 |     4 ||    10
  Use: Scroll            |     2 |     4 |    10 ||    16
       Potion            |     2 |     1 |     3 ||     6
 Stab: Sleeping          |     2 |     5 |     5 ||    12
Armor: Skin              |    25 |    37 |   101 ||   163
Dodge: Dodged            |    53 |   121 |   266 ||   440

Table legend: (Time is in decaauts)
 A = Elapsed time spent in this place.
 B = Non-inter-level travel time spent in this place.
 C = Inter-level travel time spent in this place.
 D = Time resting spent in this place.
 E = Time spent auto-exploring this place.
 F = Levels seen in this place.
 G = Mean time per level.
                   A        B        C        D        E       F      G
               +--------+--------+--------+--------+--------+-----+--------+
         Total |   6765 |   6524 |    241 |   1285 |   3923 |   7 |  966.4 |
       Dungeon |   6765 |   6524 |    241 |   1285 |   3923 |   7 |  966.4 |
               +--------+--------+--------+--------+--------+-----+--------+

Top non-repeatable levels by time:
     D:2: 1441 daAuts
     D:3: 1342 daAuts
     D:5: 1194 daAuts
     D:1: 1111 daAuts
     D:4: 784 daAuts
     D:6: 455 daAuts
     D:9: 436 daAuts
